 Dungeon Crawl Stone Soup version 0.28-a0-969-g2dcde036d2 (webtiles) character file.

Game seed: 416027142425001688

564 Decritt the Skirmisher (level 7, -10/54 HPs)
             Began as a Djinni Fire Elementalist on Dec 1, 2021.
             Was an Initiate of Makhleb.
             Mangled by Duvessa (16 damage)
             ... on level 5 of the Dungeon.
             The game lasted 00:17:17 (6872 turns).

Decritt the Skirmisher (Djinni Fire Elementalist)   Turns: 6872, Time: 00:17:17

Health: -10/54     AC:  5    Str:  7    XL:     7   Next: 58%
Gold:   203        EV: 12    Int: 19    God:    Makhleb [......] SH:  5 Dex: 20

rFire   + + .      SeeInvis +   c - +7 quick blade of Feuk {flame, Fragile rElec MP+9 Dex+7}
rCold   x . .      Faith    .   p - +0 buckler
rNeg    . . .      Spirit   .   a - +0 robe
rPois   ∞          Reflect  .   (no helmet)
rElec   +          Harm     .   (no cloak)
rCorr   .          Rampage  .   n - +2 pair of gloves
Will    .....                   (boots unavailable)
Stlth   ++........              (no amulet)
HPRegen 0.18/turn               h - ring of see invisible
MPRegen 0.00/turn               (no ring)

@: flying
A: sickness immunity, fire resistance 2, cold vulnerability 1, float, innate
caster, hp casting, extra vitality 1
a: Renounce Religion


You were on level 5 of the Dungeon.
You worshipped Makhleb.
Makhleb was noncommittal.
You visited 2 branches of the dungeon, and saw 6 of its levels.

You collected 203 gold pieces.

Inventory:

Hand Weapons
 c - the +7 quick blade of Feuk (weapon) {flame, Fragile rElec MP+9 Dex+7}
   (You acquired it on level 4 of the Dungeon)

   It burns those it strikes, dealing additional fire damage.
   Dex:       It affects your dexterity (+7).
   rElec:     It insulates you from electricity.
   MP:        It affects your magic capacity (+9).
   Fragile:   It will be destroyed if unequipped.
Missiles
 g - a throwing net
 k - 16 poisoned darts (quivered)
Armour
 a - a +0 robe (worn)
 n - a +2 pair of gloves (worn)
 p - a +0 buckler (worn)
Jewellery
 h - a ring of see invisible (left hand)
Scrolls
 b - a scroll of blinking {unknown}
 d - 2 scrolls of enchant armour {unknown}
 e - a scroll of vulnerability {unknown}
 i - a scroll of fog {unknown}
 l - a scroll of fear {unknown}
 m - 2 scrolls of teleportation {unknown}
Potions
 f - 3 potions of curing
 j - 2 potions of lignification
 o - a potion of heal wounds {unknown}
 q - a potion of resistance
 s - a potion of mutation


   Skills:
 * Level 5.6 Fighting
 - Level 2.1 Dodging
 - Level 1.5 Stealth
 + Level 3.4 Shields
 + Level 3.4 Spellcasting


You couldn't memorise any spells.
You knew the following spells:

 Your Spells              Type           Power      Damage    Failure   Level
a - Foxfire               Conj/Fire      64%        2x1d7     3%          1
b - Scorch                Fire           32%        2d6       6%          2
c - Conjure Flame         Conj/Fire      16%        6-21      12%         3
d - Inner Flame           Hex/Fire       16%        N/A       12%         3
e - Flame Wave            Conj/Fire      16%        2d5       36%         4
f - Slow                  Hex            64%        N/A       3%          1
g - Ensorcelled Hibernat  Hex/Ice        32%        N/A       6%          2
h - Passwall              Tmut/Erth      13%        N/A       6%          2
Your spell library was empty.

Dungeon Overview and Level Annotations

Branches:
Dungeon (5/15)             Temple (1/1) D:5

Altars:
Ashenzari
Cheibriados
Dithmenos
Elyvilon
Gozag
Hepliaklqana
Kikubaaqudgha
Makhleb
Nemelex Xobeh
Okawaru
Ru
Sif Muna
Trog
Vehumet
Xom
Yredelemnul
Zin
The Shining One

Shops:
D:2 !(

Annotations:
D:5 Duvessa


Innate Abilities, Weirdness & Mutations

You are immune to sickness and miasma.
You are immune to poison.
Your flesh is very heat resistant. (rF++)
You are vulnerable to cold. (rC-)
You float through the air rather than walking.
You learn spells naturally, not from books.
Your magical power is your life essence.
You have superior vitality. (+4 HP)


Message History

You throw a poisoned dart. The poisoned dart hits Duvessa.
Casting: Foxfire (safe; 3% risk of failure)
Confirm with . or Enter, or press ? or * to list all spells.
You conjure some foxfire!
The foxfire hits Duvessa.
Duvessa is lightly wounded.
The foxfire hits Duvessa.
Duvessa is lightly wounded.
Casting: Foxfire (safe; 3% risk of failure)
Confirm with . or Enter, or press ? or * to list all spells.
You conjure some foxfire!
Duvessa closely misses you.
Duvessa looks more healthy.
The foxfire hits Duvessa but does no damage.
Duvessa is lightly wounded.
The foxfire hits Duvessa.
Duvessa is moderately wounded.
Duvessa hits you but does no damage.
You closely miss Duvessa.
Duvessa is moderately wounded.
Duvessa hits you but does no damage.
You barely miss Duvessa.
Duvessa is moderately wounded.
Duvessa hits you with a +0 short sword.
You closely miss Duvessa.
Duvessa is moderately wounded.
Duvessa hits you with a +0 short sword.
* * * LOW HITPOINT WARNING * * *
You hit Duvessa. You burn Duvessa.
Duvessa is moderately wounded.
Duvessa hits you with a +0 short sword!
* * * LOW HITPOINT WARNING * * *
Okay, then.
Okay, then.
Duvessa hits you with a +0 short sword!
* * * LOW HITPOINT WARNING * * *
Duvessa hits you with a +0 short sword.
* * * LOW HITPOINT WARNING * * *
Duvessa rages.
Duvessa hits you with a +0 short sword!
You die...

######.# ......# #.# #.
#....# ..# #..#.###....#
#### # #..#.##.....+ ...#
#.#..#.##.....#
##.#####.#..#.##.....#.##
....................(....#
................@e...(.♣≈≈P
.......................≈≈..
........................≈P≈
....................(.....#
.........................##
.....................(...#
.........................
........................
......................


You could see Duvessa (berserk).

Vanquished Creatures
  A black bear (D:4)
  A scorpion (D:3)
  A water moccasin zombie (D:5)
  Dowan (D:5)
  A centaur skeleton (D:4)
  An iguana (D:4)
  A gnoll shaman (D:4)
  Terence (D:3)
  An orc wizard (D:4)
  5 gnolls (D:4)
  4 adders
  A white imp (D:5)
  2 worms
  A dart slug (D:1)
  3 orcs
  5 ball pythons
  3 bats (D:2)
  6 endoplasms
  4 giant cockroaches
  7 goblins
  8 hobgoblins
  6 jackals
  6 quokkas
  6 frilled lizards
  3 kobolds
  6 rats
85 creatures vanquished.

Vanquished Creatures (others)
  172 foxfires
172 creatures vanquished.

Grand Total: 257 creatures vanquished

Notes
Turn   | Place    | Note
-------+----------+-------------------------------------------
     0 | D:1      | Decritt the Djinni Fire Elementalist began the quest for
                  | the Orb.
     0 | D:1      | Reached XP level 1. HP: 15/15 MP: 0/0
   349 | D:1      | Reached skill level 1 in Fighting
   383 | D:1      | Reached XP level 2. HP: 15/22 MP: 0/0
   867 | D:1      | Reached skill level 2 in Fighting
  1216 | D:1      | Reached XP level 3. HP: 25/28 MP: 0/0
  1216 | D:1      | Learned a level 1 spell: Slow
  1896 | D:2      | Found Goscheiz's Distillery.
  1910 | D:2      | Reached skill level 1 in Shields
  2153 | D:2      | Reached XP level 4. HP: 31/34 MP: 0/0
  2265 | D:2      | Found Xuox Rem's Antique Weapon Shoppe.
  3113 | D:2      | Reached skill level 3 in Fighting
  3893 | D:3      | Found a basalt altar of Yredelemnul.
  3982 | D:3      | Noticed Terence
  4024 | D:3      | Killed Terence
  4507 | D:3      | Reached XP level 5. HP: 40/40 MP: 0/0
  4507 | D:3      | Learned a level 2 spell: Ensorcelled Hibernation
  4951 | D:4      | Identified a scroll of acquirement
  4951 | D:4      | Acquired the +7 quick blade of Feuk {flame, Fragile rElec
                  | MP+9 Dex+7}
  4992 | D:4      | Found a shimmering altar of Xom.
  5039 | D:4      | Reached skill level 4 in Fighting
  5053 | D:4      | Reached XP level 6. HP: 47/47 MP: 0/0
  6093 | D:4      | Noticed a black bear
  6102 | D:4      | Killed a black bear
  6103 | D:4      | Reached skill level 5 in Fighting
  6103 | D:4      | Reached XP level 7. HP: 46/54 MP: 0/0
  6103 | D:4      | Learned a level 2 spell: Passwall
  6337 | D:5      | Entered Level 5 of the Dungeon
  6370 | D:5      | Found a staircase to the Ecumenical Temple.
  6376 | Temple   | Entered the Ecumenical Temple
  6386 | Temple   | Became a worshipper of Makhleb the Destroyer
  6531 | D:5      | Noticed Dowan
  6533 | D:5      | Noticed Duvessa
  6560 | D:5      | Killed Dowan
  6872 | D:5      | Mangled by Duvessa

Illustrated notes

Levels and vault maps discovered:
D:1:      psy_arrival_fountain, layout_basic
D:2:      layout_loops_cross, serial_shops, nicolae_shop_stone, shop,
          skrybe_limestone_x, minmay_statues_item
D:3:      layout_loops_ring, mainiacjoe_overflow_paths, minivault_26,
          uniq_terence
D:4:      layout_loops_ring, mainiacjoe_overflow_alcove_1
D:5:      layout_basic, minmay_temple_entry_overgrown,
          chequers_serial_rivers_room_a, serial_bayou_pond_e, uniq_duvessa
Temple:   eino_temple_scatter_basement

Skill      XL: |  1  2  3  4  5  6 |
---------------+-------------------+-----
Fighting       | 1 2 3 4 5 |  5.6
Shields        | 1 2 3 |  3.4
Spellcasting   | 3 |  3.4
Dodging        | |  2.1
Stealth        | |  1.5

Action                   |  1- 3 |  4- 6 |  7- 9 || total
-------------------------+-------+-------+-------++-------
Melee: Dagger            |     1 |     3 |       ||     4
       Quick blade       |       |    77 |    20 ||    97
       Flail             |       |     6 |       ||     6
Throw: Dart              |       |    19 |    18 ||    37
 Cast: Foxfire           |    60 |    36 |     6 ||   102
       Ensorcelled Hiber |       |     2 |       ||     2
  Use: Scroll            |       |     5 |     1 ||     6
 Stab: Sleeping          |       |     5 |       ||     5
Armor: Robe              |     6 |    18 |     4 ||    28
Dodge: Dodged            |    19 |    58 |     3 ||    80
Block: Buckler           |       |    17 |     4 ||    21

Table legend: (Time is in decaauts)
 A = Elapsed time spent in this place.
 B = Non-inter-level travel time spent in this place.
 C = Inter-level travel time spent in this place.
 D = Time resting spent in this place.
 E = Time spent auto-exploring this place.
 F = Levels seen in this place.
 G = Mean time per level.
                   A        B        C        D        E       F      G
               +--------+--------+--------+--------+--------+-----+--------+
         Total |   6852 |   6671 |    181 |   2517 |   2999 |   6 | 1142.0 |
       Dungeon |   6706 |   6534 |    172 |   2517 |   2884 |   5 | 1341.2 |
        Temple |    145 |    136 |      9 |      0 |    115 |   1 |  145.0 |
               +--------+--------+--------+--------+--------+-----+--------+

Top non-repeatable levels by time:
     D:3: 2099 daAuts
     D:1: 1866 daAuts
     D:2: 1381 daAuts
     D:4: 973 daAuts
     D:5: 385 daAuts
  Temple: 145 daAuts
